 Dungeon Crawl Stone Soup version 0.23.2-40-g277498a001 (webtiles) character file.

Game seed: 5111978342385049904

224 Felnil the Covert (level 5, -1/25 HPs)
             Began as a Spriggan Assassin on Aug 14, 2019.
             Slain by Crazy Yiuf
             ... wielding a +4 quarterstaff of chaos
              (14 damage)
             ... on level 3 of the Dungeon.
             The game lasted 00:03:21 (1908 turns).

Felnil the Covert (Spriggan Assassin)               Turns: 1908, Time: 00:03:22

Health: -1/25      AC:  5    Str:  7    XL:     5   Next: 67%
Magic:  6/6        EV: 22    Int: 12    God:
Gold:   114        SH:  0    Dex: 19    Spells: 4/4 levels left

rFire    . . .     SeeInvis +   a - +2 dagger
rCold    . . .     Gourm    .   (shield restricted)
rNeg     . . .     Faith    .   q - +2 robe {MR+}
rPois    .         Spirit   .   (helmet restricted)
rElec    .         Reflect  .   d - +0 cloak
rCorr    .         Harm     .   (gloves unavailable)
MR       +....                  (boots unavailable)
Stlth    ++++......             (no amulet)
HPRegen  0.08/turn              (no ring)
MPRegen  0.10/turn              (no ring)

@: lethally poisoned (-1 -> -6), very quick
A: very small, unfitting armour, see invisible, herbivore, speed 3, slow
metabolism 2
a: no special abilities


You were on level 3 of the Dungeon.
You were not hungry.

You visited 1 branch of the dungeon, and saw 3 of its levels.

You collected 114 gold pieces.

Inventory:

Hand Weapons
 a - a +2 dagger (weapon)
 b - a +0 blowgun
Missiles
 e - 22 poisoned needles
 f - 2 curare-tipped needles
 k - 7 needles of confusion
Armour
 d - a +0 cloak (worn)
 q - a +2 robe of magic resistance (worn)
Wands
 p - a wand of disintegration (12)
Scrolls
 h - a scroll of remove curse {unknown}
 j - a scroll of fear {unknown}
 l - a scroll of immolation {unknown}
 m - a scroll of identify {unknown}
 o - 3 scrolls of teleportation {unknown}
Potions
 c - a potion of haste {unknown}
 i - 2 potions of degeneration {unknown}
 n - 2 potions of might {unknown}
 r - a potion of flight {unknown}
Comestibles
 g - 4 rations


   Skills:
 - Level 1.5 Fighting
 - Level 2.1 Short Blades
 - Level 2.0 Throwing
 + Level 5.9 Dodging
 + Level 8.6 Stealth


You had 4 spell levels left.
You didn't know any spells.
Your spell library was empty.

Dungeon Overview and Level Annotations

Branches:
Dungeon (3/15)

Altars:
Fedhas
Gozag
Ru

Annotations:
D:3 Crazy Yiuf


Innate Abilities, Weirdness & Mutations

You are very small and have problems with some larger weapons.
You are too small for most types of armour.
You have supernaturally acute eyesight. (SInv)
You are a herbivore.
You cover ground extremely quickly.
You need to consume almost no food.


Message History

You barely miss Crazy Yiuf.
Crazy Yiuf is moderately wounded.
Crazy Yiuf hits you with a +4 quarterstaff of chaos.
You are poisoned.
You hit Crazy Yiuf.
Crazy Yiuf is heavily wounded.
You feel sick. Crazy Yiuf misses you.
You hit Crazy Yiuf.
Crazy Yiuf is severely wounded.
Crazy Yiuf grits, "Gum poople testudinal!"
Crazy Yiuf closely misses you.
You hit Crazy Yiuf but do no damage.
Crazy Yiuf is severely wounded.
You feel sick.
You hit Crazy Yiuf but do no damage.
Crazy Yiuf is severely wounded.
Crazy Yiuf hits you with a +4 quarterstaff of chaos!
You are electrocuted!
Ouch! That really hurt!
You die...

♣♣
♣♣.♣
♣.♣
♣♣.♣
♣.♣♣
##'##
#.@.#
#.g.#
#)..#
#####


You could see Crazy Yiuf.

Vanquished Creatures
  Sigmund (D:2)
  2 adders (D:2)
  2 dart slugs
  A ball python (D:2)
  4 goblins
  8 hobgoblins
  2 jackals (D:2)
  6 kobolds
  2 quokkas (D:2)
  6 bats
  A frilled lizard (D:1)
  3 rats
38 creatures vanquished.

Vanquished Creatures (others)
  4 toadstools (D:1)
4 creatures vanquished.

Grand Total: 42 creatures vanquished

Notes
Turn   | Place    | Note
-------+----------+-------------------------------------------
     0 | D:1      | Felnil the Spriggan Assassin began the quest for the Orb.
     0 | D:1      | Reached XP level 1. HP: 10/10 MP: 2/2
    28 | D:1      | Reached skill level 6 in Stealth
    75 | D:1      | Reached XP level 2. HP: 13/14 MP: 3/3
   598 | D:2      | Reached XP level 3. HP: 12/18 MP: 4/4
  1191 | D:2      | Noticed Sigmund
  1206 | D:2      | Killed Sigmund
  1206 | D:2      | Reached skill level 5 in Dodging
  1206 | D:2      | Reached skill level 8 in Stealth
  1206 | D:2      | Reached XP level 4. HP: 2/22 MP: 5/5
  1206 | D:2      | Reached XP level 5. HP: 2/25 MP: 6/6
  1677 | D:2      | Found an opulent altar of Gozag.
  1678 | D:2      | Found a blossoming altar of Fedhas.
  1689 | D:2      | Found a sacrificial altar of Ru.
  1894 | D:3      | Found a runed translucent door.
  1894 | D:3      | Noticed Crazy Yiuf
  1908 | D:3      | Slain by Crazy Yiuf

Skill      XL: |  1  2  3 |
---------------+----------+-----
Dodging        | 2 3 5 |  5.9
Stealth        | 6 8 |  8.6
Fighting       | |  1.5
Short Blades   | |  2.1
Throwing       | |  2.0

Action                   |  1- 3 |  4- 6 || total
-------------------------+-------+-------++-------
Melee: Dagger            |   109 |    40 ||   149
  Use: Potion            |     1 |       ||     1
 Stab: Sleeping          |     9 |     1 ||    10
       Distracted        |     1 |       ||     1
Armor: Robe              |    19 |     5 ||    24
Dodge: Dodged            |    86 |    27 ||   113
